 Dungeon Sprint DCSS version 0.22-a0-542-gce4f928 (webtiles) character file.

470 raistware the Covert (level 6, -5/30 HPs)
             Began as a Spriggan Assassin on June 24, 2018.
             Was an Elder of Dithmenos.
             Slain by an eight-headed hydra (15 damage)
             ... in the Dungeon (Sprint VII: "The Pits").
             The game lasted 00:03:44 (207 turns).

raistware the Covert (Spriggan Assassin)             Turns: 207, Time: 00:03:44

Health: -5/30      AC:  3    Str:  7    XL:     6   Next: 82%
Magic:  7/7        EV: 26    Int: 12    God:    Dithmenos [****..]
Gold:   0          SH:  0    Dex: 20    Spells: 5/5 levels left

rFire    . . .     SeeInvis +   a - +0 long sword (flame)
rCold    . . .     Gourm    .   (shield restricted)
rNeg     . . .     Faith    .   c - +0 robe
rPois    .         Spirit   .   (helmet restricted)
rElec    .         Reflect  .   d - +0 cloak
rCorr    .         Harm     .   (gloves unavailable)
MR       +....     NoTele   +   (boots unavailable)
Stlth    +++++++++.             (no amulet)
HPRegen  0.10/turn              (no ring)
MPRegen  0.10/turn              (no ring)

@: wreathed by umbra, very quick
A: very small, unfitting armour, see invisible, herbivore, speed 3, slow
metabolism 2
a: Shadow Step, Renounce Religion


You were in the Dungeon.
You worshipped Dithmenos.
Dithmenos was greatly pleased with you.
You were not hungry.

You visited 1 branch

Inventory:

Hand Weapons
 a - a +0 long sword of flaming (weapon)
 b - a +0 blowgun
 t - a +1 antimagic short sword
 u - a +2 dagger of venom
Missiles
 e - 8 poisoned needles
 f - 2 curare-tipped needles
 s - 10 stones (quivered)
Armour
 c - a +0 robe (worn)
 d - a +0 cloak (worn)
Scrolls
 m - a scroll of blinking
 o - 3 scrolls of remove curse
 p - 5 scrolls of amnesia
 q - a scroll of summoning
 r - 2 scrolls of vulnerability
Potions
 h - 6 potions of curing
 i - 6 potions of heal wounds
 j - a potion of haste
 k - 4 potions of magic
 l - 3 potions of berserk rage
 n - 2 potions of invisibility
Comestibles
 g - 9 rations


   Skills:
 - Level 1.5 Fighting
 + Level 10.4 Short Blades
 - Level 2.0 Throwing
 + Level 9.3 Dodging
 + Level 14.6 Stealth


You had 5 spell levels left.
You didn't know any spells.
Your spell library was empty.

Dungeon Overview and Level Annotations

Branches:
Dungeon (1/1)

Altars:
Ashenzari
Cheibriados
Dithmenos
Elyvilon
Fedhas
Gozag
Hepliaklqana
Kikubaaqudgha
Makhleb
Nemelex Xobeh
Okawaru
Qazlal
Ru
Sif Muna
Trog
Uskayaw
Vehumet
Wu Jian
Xom
Yredelemnul
Zin
The Shining One
Beogh
Jiyva
Lugonu


Innate Abilities, Weirdness & Mutations

You are very small and have problems with some larger weapons.
You are too small for most types of armour.
You have supernaturally acute eyesight. (SInv)
You are a herbivore.
You cover ground extremely quickly.
You need to consume almost no food.


Message History

Your Dodging skill increases to level 9!
Things that are here:
a scimitar; a chain mail
There is an open door here.
You open the door.
An eight-headed hydra comes into view.
The eight-headed hydra roars!
Wield which item (- for none, * to show all)? (? for menu, Esc to quit)
Your +2 dagger of venom stops dripping with poison.
Your +0 long sword of flaming bursts into flame!
a - a +0 long sword of flaming (weapon)
You barely miss the eight-headed hydra.
The eight-headed hydra completely misses you.
You riposte.
You hit the eight-headed hydra. You burn the eight-headed hydra.
The eight-headed hydra is lightly wounded.
The eight-headed hydra bites you! x2
The eight-headed hydra barely misses you. x2
The eight-headed hydra bites you!
Ouch! That really hurt!
You die...

#.##'#..#'###...<...#
#.#.......†##.......#
#.#........##.......#
#'###########.......#
#..#.#.## #########
#.......# ##.#.#.##
#.......#+#
##.#.#@##.+
#..†...D#'#
##.#)#..')#
##########


You could see an eight-headed hydra.

Vanquished Creatures
  A floating eye (D)
  An orc warrior (D)
  A phantom (D)
  Blork the orc (D)
  A bullfrog (D)
  A jelly (D)
  A river rat (D)
  An adder skeleton (D)
  A bat zombie (D)
  2 giant cockroaches (D)
  A goblin (D)
  A quokka (D)
  A ball python (D)
  A bat (D)
  A kobold (D)
  A rat (D)
17 creatures vanquished.

Notes
Turn   | Place    | Note
-------+----------+-------------------------------------------
     0 | D        | raistware the Spriggan Assassin began the quest for the Orb.
     0 | D        | Reached XP level 1. HP: 10/10 MP: 2/2
    21 | D        | Reached skill level 6 in Stealth
    25 | D        | Found a bloodstained altar of Trog.
    25 | D        | Found a deep blue altar of Sif Muna.
    25 | D        | Found a viscous altar of Jiyva.
    25 | D        | Found a hazy altar of Hepliaklqana.
    25 | D        | Found an opulent altar of Gozag.
    26 | D        | Found a glowing golden altar of the Shining One.
    26 | D        | Found a glowing silver altar of Zin.
    26 | D        | Found a basalt altar of Yredelemnul.
    26 | D        | Found a shimmering altar of Xom.
    26 | D        | Found an ornate altar of the Wu Jian Council.
    26 | D        | Found a sacrificial altar of Ru.
    26 | D        | Found a stormy altar of Qazlal.
    26 | D        | Found an iron altar of Okawaru.
    26 | D        | Found a sparkling altar of Nemelex Xobeh.
    26 | D        | Found a burning altar of Makhleb.
    26 | D        | Found a blossoming altar of Fedhas.
    26 | D        | Found a white marble altar of Elyvilon.
    26 | D        | Found a shadowy altar of Dithmenos.
    26 | D        | Found a snail-covered altar of Cheibriados.
    27 | D        | Found a radiant altar of Vehumet.
    27 | D        | Found a corrupted altar of Lugonu.
    27 | D        | Found a roughly hewn altar of Beogh.
    28 | D        | Found a hide-covered altar of Uskayaw.
    28 | D        | Found an ancient bone altar of Kikubaaqudgha.
    28 | D        | Found a shattered altar of Ashenzari.
    33 | D        | Became a worshipper of Dithmenos the Shadowed
    95 | D        | Noticed a floating eye
    96 | D        | Reached * piety under Dithmenos
    96 | D        | Reached skill level 7 in Stealth
   104 | D        | Killed a floating eye
   104 | D        | Reached skill level 11 in Stealth
   104 | D        | Reached XP level 2. HP: 14/14 MP: 3/3
   104 | D        | Reached XP level 3. HP: 18/18 MP: 4/4
   104 | D        | Reached XP level 4. HP: 22/22 MP: 5/5
   112 | D        | Reached ** piety under Dithmenos
   165 | D        | Noticed a phantom
   168 | D        | Noticed a bullfrog
   170 | D        | Noticed Blork the orc
   171 | D        | Killed a phantom
   171 | D        | Reached *** piety under Dithmenos
   171 | D        | Reached skill level 5 in Dodging
   171 | D        | Reached skill level 12 in Stealth
   171 | D        | Reached XP level 5. HP: 25/25 MP: 6/6
   174 | D        | Killed Blork the orc
   174 | D        | Reached skill level 13 in Stealth
   174 | D        | Reached XP level 6. HP: 30/30 MP: 7/7
   184 | D        | Reached **** piety under Dithmenos
   190 | D        | Reached skill level 10 in Short Blades
   190 | D        | Reached skill level 14 in Stealth
   198 | D        | Noticed an orc warrior
   200 | D        | Killed an orc warrior
   203 | D        | Noticed an eight-headed hydra
   207 | D        | Slain by an eight-headed hydra

Vault maps used:
D:        pitsprint

Skill      XL: |  1  2  3  4  5  6 |
---------------+-------------------+-----
Stealth        | 11 12 13 14 | 14.6
Short Blades   | 7 8 9 10 | 10.4
Dodging        | 5 6 9 |  9.3
Fighting       | |  1.5
Throwing       | |  2.0

Action                   |  1- 3 |  4- 6 || total
-------------------------+-------+-------++-------
Melee: Dagger            |    11 |    12 ||    23
       Long sword        |       |     1 ||     1
 Stab: Sleeping          |     4 |    10 ||    14
Armor: Robe              |     1 |       ||     1
Dodge: Dodged            |       |     3 ||     3
       Rpst.: Long sword |       |     1 ||     1

Table legend:
 A = Spawn XP
 B = Non-spawn XP
 C = Spawn XP percentage of total XP
 D = Spawn monster count
 E = Non-spawn monster count
 F = Spawn count percentage of total count
 G = Total turns spent on level
                    A         B        C        D         E        F      G
               +---------+---------+-------+---------+---------+-------+---------
         Total |       0 |     672 |   0.0 |       0 |      17 |   0.0 |   207
               +---------+---------+-------+---------+---------+-------+---------
             D |       0 |     672 |   0.0 |       0 |      17 |   0.0 |   207
               +---------+---------+-------+---------+---------+-------+---------
